 Dungeon Crawl Stone Soup version 0.28-a0-1033-g1a2f33fa85 (webtiles) character file.

Game seed: 8649074135619284356

28 siradein the Skirmisher (level 3, -2/30 (33) HPs)
             Began as a Draconian Fighter on Dec 7, 2021.
             Killed by nerve-wracking pain
             ... invoked by Jessica
              (11 damage)
             ... on level 2 of the Dungeon.
             The game lasted 00:01:09 (938 turns).

siradein the Skirmisher (Draconian Fighter)          Turns: 938, Time: 00:01:09

HP:   -2/30 (33)    AC:  5    Str: 20    XL:     3   Next: 0%
MP:   3/3           EV: 12    Int:  8    God:
Gold: 69            SH:  4    Dex: 10    Spells: 2/2 levels left

rFire   . . .      SeeInvis .   a - +0 flail
rCold   . . .      Faith    .   b - +0 buckler
rNeg    . . .      Spirit   .   (armour unavailable)
rPois   .          Reflect  .   (helmet restricted)
rElec   .          Harm     .   (no cloak)
rCorr   .          Rampage  .   (no gloves)
Will    .....                   (no boots)
Stlth   +.........              (no amulet)
HPRegen 0.10/turn               (no ring)
MPRegen 0.08/turn               (no ring)

@: drained
A: AC +5, unfitting armour, cold-blooded
a: no special abilities


You were on level 2 of the Dungeon.
You visited 1 branch of the dungeon, and saw 2 of its levels.

You collected 69 gold pieces.

Inventory:

Hand Weapons
 a - a +0 flail (weapon)
Armour
 b - a +0 buckler (worn)
Scrolls
 d - a scroll of holy word {unknown}
 e - a scroll of silence {unknown}
 f - a scroll of identify {unknown}
 h - a scroll of torment {unknown}
Potions
 c - 2 potions of might
 g - a potion of brilliance {unknown}
 i - 3 potions of heal wounds {unknown}


   Skills:
 + Level 3.6 Fighting
 + Level 2.4 Maces & Flails
 + Level 3.0 Dodging
 + Level 3.2 Shields


You had 2 spell levels left.
You didn't know any spells.
Your spell library contained the following spells:

 Spells                   Type           Power      Damage    Failure   Level
 Slow                     Hex            0%         N/A       43%         1
 Confusing Touch          Hex            0%         N/A       80%         3
 Vampiric Draining        Necr           0%         2d6       80%         3


Dungeon Overview and Level Annotations

Branches:
Dungeon (2/15)

Altars:
Dithmenos

Annotations:
D:2 Jessica


Innate Abilities, Weirdness & Mutations

Your plain brown scales are hard. (AC +5)
You cannot fit into any form of body armour.
You are cold-blooded and may be slowed by cold attacks.


Message History

You block the bat's attack. The bat closely misses you.
You block the bat's attack. The bat misses you.
The bat hits you but does no damage.
You hit the bat.
You kill the bat!
Jessica mumbles some strange words.
Jessica seems to speed up.
The rat twitches its whiskers.
You hit the rat.
You kill the rat!
A bat comes into view.
Jessica mumbles some strange words.
Jessica blinks!
The bat barely misses you.
You see here a bat corpse.
The bat barely misses you. The bat closely misses you.
The bat completely misses you.
You completely miss Jessica. The bat hits you but does no damage.
Jessica barely misses you.
Jessica hits you with a +3 dagger of draining.
You feel drained. Jessica gestures at you while chanting.
Pain shoots through your body! The bat closely misses you.
The bat hits you but does no damage.
You see here a bat corpse.
You are too injured to fight recklessly!
You hit the bat.
You kill the bat!
Jessica hits you with a +3 dagger of draining.
You feel drained.
You have reached level 3!
Your experience leads to an increase in your attributes!
Increase (S)trength, (I)ntelligence, or (D)exterity?
You feel stronger. x2; Your scales feel tougher.
You hit Jessica.
Jessica is moderately wounded.
Jessica casts a spell at you. Pain shoots through your body!
You die...

.. ......#
#. ......#
#. ......#
#.##......#
#$#.......#
#.........#
#.#.########
#@# #@# #.#
##.# #..# ##
#.## .# #.#
†########
#.####
........#
#....#
#....##.####
#....#


You could see Jessica (fast).

Vanquished Creatures
  6 ball pythons
  3 bats
  2 endoplasms
  2 giant cockroaches
  2 goblins (D:1)
  4 hobgoblins (D:1)
  2 kobolds (D:1)
  A frilled lizard (D:1)
  3 rats
25 creatures vanquished.

Notes
Turn   | Place    | Note
-------+----------+-------------------------------------------
     0 | D:1      | siradein the Draconian Fighter began the quest for the Orb.
     0 | D:1      | Reached XP level 1. HP: 19/19 MP: 1/1
   114 | D:1      | Reached XP level 2. HP: 26/26 MP: 2/2
   692 | D:2      | Found a shadowy altar of Dithmenos.
   922 | D:2      | Noticed Jessica
   938 | D:2      | Reached XP level 3. HP: 9/30 MP: 3/3
   938 | D:2      | Killed from afar by Jessica

Illustrated notes

Levels and vault maps discovered:
D:1:      minmay_arrival_pointy, layout_rooms
D:2:      layout_rooms, basic_altar, shapermc_ecumenical_altar_starsandcircs,
          uniq_jessica

Skill      XL: |  1  2 |
---------------+-------+-----
Dodging        | 3 |  3.0
Fighting       | |  3.6
Maces & Flails | |  2.4
Shields        | |  3.2

Action                   || total
-------------------------++-------
Melee: Flail             ||    63
       Tailslap          ||     1
Armor: Skin              ||    23
Dodge: Dodged            ||    50
Block: Buckler           ||    10

Table legend: (Time is in decaauts)
 A = Elapsed time spent in this place.
 B = Non-inter-level travel time spent in this place.
 C = Inter-level travel time spent in this place.
 D = Time resting spent in this place.
 E = Time spent auto-exploring this place.
 F = Levels seen in this place.
 G = Mean time per level.
                   A        B        C        D        E       F      G
               +--------+--------+--------+--------+--------+-----+--------+
         Total |    959 |    939 |     20 |      0 |    763 |   2 |  479.5 |
       Dungeon |    959 |    939 |     20 |      0 |    763 |   2 |  479.5 |
               +--------+--------+--------+--------+--------+-----+--------+

Top non-repeatable levels by time:
     D:1: 699 daAuts
     D:2: 260 daAuts
